 Dungeon Crawl Stone Soup version 0.17.0-57-g0e89251 (webtiles) character file.

2089 PossumBlood the Thaumaturge (level 9, 0/45 HPs)
             Began as a Deep Elf Wizard on Dec 6, 2015.
             Slain by a troll zombie (5 damage)
             ... on level 7 of the Dungeon.
             The game lasted 00:41:47 (8637 turns).

PossumBlood the Thaumaturge (Deep Elf Wizard)       Turns: 8637, Time: 00:41:47

Health: 0/45       AC:  7    Str:  4    XL:     9   Next: 6%
Magic:  10/26      EV: 12    Int: 27    God:
Gold:   301        SH:  0    Dex: 13    Spells: 7 memorised, 16 levels left

rFire  . . .     SeeInvis .     y - +2 dagger (drain)
rCold  + . .     Clarity  +     a - +0 robe
rNeg   + . .     SustAt   .     (no shield)
rPois  .         Gourm    .     b - +0 hat
rElec  .         Spirit   .     w - +1 cloak
rCorr  .         Warding  .     (no gloves)
rMut   .         Stasis   .     j - +0 pair of boots
MR     .....                    t - amulet of clarity
Stlth  ++........               E - ring of positive energy
                                r - ring of protection from cold

@: stone skin, not resistant to hostile enchantments, unstealthy
A: no striking features
a: no special abilities


You were on level 7 of the Dungeon.
You were not hungry.

You visited 1 branch of the dungeon, and saw 7 of its levels.

You collected 301 gold pieces.

Inventory:

Hand Weapons
 h - a +2 whip of electrocution
 k - a +3 long sword
 n - a +0 short sword
 y - a +2 dagger of draining (weapon)
 A - a +1 shortbow of evasion
Missiles
 m - 14 arrows of flame
 B - 95 arrows
Armour
 a - a +0 robe (worn)
 b - a +0 hat (worn)
 j - a +0 pair of boots (worn)
 w - a +1 cloak (worn)
Jewellery
 g - a +2 ring of evasion
 q - a +3 ring of dexterity
 r - a ring of protection from cold (left hand)
 t - an amulet of clarity (around neck)
 E - a ring of positive energy (right hand)
Wands
 f - a wand of paralysis (8)
 z - a wand of enslavement (11)
 H - a wand of cold (7)
Scrolls
 e - 3 scrolls of teleportation
 o - a scroll of amnesia
 s - 2 scrolls of remove curse
 D - a scroll of magic mapping
Potions
 i - 3 potions of ambrosia
 p - a potion of brilliance
 C - a potion of invisibility
Books
 c - a book of Minor Magic

   Spells                             Type                      Level
   a - Magic Dart                     Conjuration                  1
   b - Blink                          Translocation                2
   c - Call Imp                       Summoning                    2
   d - Repel Missiles                 Charms/Air                   2
   e - Slow                           Hexes                        2
   f - Conjure Flame                  Conjuration/Fire             3
   g - Mephitic Cloud                 Conjuration/Poison/Air       3
 l - a book of Transfigurations

   Spells                             Type                      Level
   a - Stoneskin                      Transmutation/Earth          2
   b - Irradiate                      Conjuration/Transmutation    5
   c - Statue Form                    Transmutation/Earth          6
   d - Hydra Form                     Transmutation                6
   e - Dragon Form                    Transmutation                7
Comestibles
 d - a bread ration
 u - 6 meat rations
 F - a beef jerky


   Skills:
 - Level 2.4 Dodging
 - Level 2.4 Stealth
 + Level 11.8 Spellcasting
 + Level 9.0 Conjurations
   Level 1.1 Summonings
 - Level 1.1 Translocations


You had 16 spell levels left.
You knew the following spells:

 Your Spells              Type           Power        Failure   Level  Hunger
a - Magic Dart            Conj           ####         1%          1    None
b - Blink                 Tloc           N/A          3%          2    None
c - Slow                  Hex            ###.....     8%          2    None
d - Conjure Flame         Conj/Fire      #####...     1%          3    None
e - Mephitic Cloud        Conj/Pois/Air  ####....     3%          3    None
f - Repel Missiles        Chrm/Air       ###...       8%          2    None
g - Stoneskin             Trmt/Erth      ###.....     8%          2    None


Dungeon Overview and Level Annotations

Branches:
Dungeon (7/15)
 Temple: D:4-7

Altars:
Kikubaaqudgha
Okawaru
Yredelemnul


Message History

Sorry, you're not good enough to have a special ability.
Casting: Magic Dart
Confirm with . or Enter, or press ? or * to list all spells.
Aiming: Magic Dart
Press: ? - help, Shift-Dir - straight line, f/p - troll zombie
Aim: a troll zombie The magic dart hits the troll zombie.
The troll zombie barely misses you.
The troll zombie claws you but does no damage.
The troll zombie claws you.
* * * LOW HITPOINT WARNING * * *
Casting: Magic Dart
Confirm with . or Enter, or press ? or * to list all spells.
Aiming: Magic Dart
Press: ? - help, Shift-Dir - straight line, f/p - troll zombie
Aim: a troll zombie The magic dart hits the troll zombie.
The troll zombie closely misses you. The troll zombie claws you.
* * * LOW HITPOINT WARNING * * *
The troll zombie claws you.
You die...

#. ... . #.# #.##.##
#.#...## #>..#..#
###########....# #
#.#_##8.....#..###
#+#'#'#'#'###..##.......
.......@...'..)#########
#'#+#'#Z#'####.# ## #
#.#.# #.# #. #####
#.########. #..........
##########. #. ##


You could see a troll zombie.

Vanquished Creatures
  Menkaure (D:4)
  The ghost of PossumBlood the Magician, an amateur DEWz (D:3)
  A phantom (D:3)
  2 ogres
  3 centaurs
  2 giant frogs (D:6)
  2 elf zombies (D:5)
  5 wights (D:6)
  A centaur zombie (D:5)
  A hound (D:5)
  2 orc priests
  A jelly (D:7)
  2 orc wizards
  2 iguanas
  5 worker ants
  3 giant frog skeletons
  4 human zombies (D:7)
  3 human skeletons (D:5)
  2 killer bee zombies (D:7)
  2 mummies (D:7)
  A hound skeleton (D:5)
  10 adders
  2 shadow imps
  An adder skeleton (D:5)
  2 worms
  4 giant geckos
  16 orcs
  A ball python (D:2)
  6 giant cockroaches
  5 goblins
  7 hobgoblins
  8 kobolds
  2 quokkas
  10 bats
  7 giant newts
  A jackal skeleton (D:4)
  An orc skeleton (D:5)
  A rat (D:1)
130 creatures vanquished.

Notes
Turn   | Place    | Note
--------------------------------------------------------------
     0 | D:1      | PossumBlood the Deep Elf Wizard began the quest for the Orb.
     0 | D:1      | Reached XP level 1. HP: 10/10 MP: 7/7
   180 | D:1      | Reached XP level 2. HP: 15/15 MP: 5/9
   506 | D:2      | Reached skill level 5 in Spellcasting
   975 | D:2      | Reached XP level 3. HP: 19/19 MP: 4/11
  1380 | D:2      | You fall through a shaft!
  1524 | D:2      | Reached skill level 6 in Spellcasting
  1728 | D:3      | Noticed a phantom
  1730 | D:3      | Noticed PossumBlood's ghost (amateur DEWz)
  1753 | D:3      | Reached XP level 4. HP: 2/24 MP: 11/14
  2165 | D:3      | Learned a level 2 spell: Blink
  2168 | D:3      | Learned a level 2 spell: Slow
  2172 | D:3      | Learned a level 3 spell: Conjure Flame
  2176 | D:3      | Learned a level 3 spell: Mephitic Cloud
  2179 | D:3      | Learned a level 2 spell: Repel Missiles
  2491 | D:3      | HP: 1/24 [phantom (6)]
  2502 | D:3      | Killed a phantom
  2502 | D:3      | Reached XP level 5. HP: 10/28 MP: 2/16
  2695 | D:3      | Reached skill level 7 in Spellcasting
  2772 | D:3      | Killed PossumBlood's ghost
  2772 | D:3      | Reached XP level 6. HP: 11/32 MP: 1/18
  3175 | D:4      | Learned a level 2 spell: Stoneskin
  3329 | D:4      | Found an iron altar of Okawaru.
  3381 | D:4      | Reached skill level 8 in Spellcasting
  3381 | D:4      | Reached skill level 5 in Conjurations
  4034 | D:4      | Reached XP level 7. HP: 31/36 MP: 13/20
  4431 | D:4      | Noticed Menkaure
  4442 | D:4      | Killed Menkaure
  4442 | D:4      | Reached skill level 9 in Spellcasting
  4656 | D:5      | Entered Level 5 of the Dungeon
  5057 | D:5      | Reached XP level 8. HP: 6/41 MP: 13/23
  5405 | D:5      | Found an ancient bone altar of Kikubaaqudgha.
  5738 | D:5      | Reached skill level 10 in Spellcasting
  6890 | D:6      | Reached skill level 11 in Spellcasting
  8048 | D:7      | Upgraded the game from 0.17.0-56-gd8de76c to 0.17.0-57-g0e89251
  8283 | D:7      | Reached XP level 9. HP: 41/45 MP: 10/26
  8496 | D:7      | Found a basalt altar of Yredelemnul.
  8633 | D:7      | HP: 2/45 [troll zombie (6)]
  8637 | D:7      | Slain by a troll zombie

Action                   |  1- 3 |  4- 6 |  7- 9 || total
-------------------------+-------+-------+-------++-------
Melee: Dagger            |     6 |     6 |       ||    12
 Fire: Shortbow          |       |       |    39 ||    39
 Cast: Magic Dart        |    85 |   119 |   347 ||   551
       Repel Missiles    |       |     1 |     1 ||     2
       Mephitic Cloud    |       |     2 |     2 ||     4
       Conjure Flame     |       |     1 |     6 ||     7
       Slow              |       |     1 |       ||     1
       Stoneskin         |       |     3 |     6 ||     9
  Use: Scroll            |     2 |     4 |     6 ||    12
       Potion            |       |     4 |     8 ||    12
  Eat: Fruit             |     3 |     1 |       ||     4
       Royal jelly       |       |     1 |       ||     1
       Bread ration      |       |     1 |     3 ||     4
